3AA
RICHLAND RAILS @ SAN ANTONIO BC
08/24/2034
 
TOP OF THE 1ST
Richland Rails batting - Pitching for San Antonio BC : RHP Jackson Williams
Pitching: RHP Jackson Williams
Batting: RHB Bill Hill 0-0: Called Strike
0-1: Ground out 6-3 (Groundball, 6)
Batting: RHB Hsui-chuan Hong 0-0: Swinging Strike
0-1: Swinging Strike
0-2: Ball
1-2: Strikes out swinging
Batting: RHB Luo-lang Li 0-0: Ball
1-0: Called Strike
1-1: Ball
2-1: Ball
3-1: Called Strike
3-2: Ground out 4-3 (Groundball, 4)
Top of the 1st over - 0 runs, 0 hits, 0 errors, 0 left on base; Richland 0 - San Antonio 0
BOTTOM OF THE 1ST
San Antonio BC batting - Pitching for Richland Rails : LHP Feltse van Horssen
Pitching: LHP Feltse van Horssen
Batting: LHB Jesús Hernández 0-0: Ball
1-0: Ball
2-0: Swinging Strike
2-1: Ground out U3 (Groundball, 3)
Batting: RHB Tom Bancroft 0-0: Ball
1-0: Fly out, F1 (Line Drive, 13)
Batting: RHB Alfonso Torres 0-0: Foul Ball, location: 2F
0-1: DOUBLE (Flyball, 89D)
Batting: RHB Silverberry Mouhon 0-0: Called Strike
0-1: Ball
1-1: Ball
2-1: Foul Ball, location: 2F
2-2: Ball
3-2: Base on Balls
Batting: RHB José Salinas 0-0: Ball
1-0: Ball
2-0: Ball
3-0: Base on Balls
Alfonso Torres to third
Silverberry Mouhon to second
Batting: RHB Carlos Cardoza 0-0: Called Strike
0-1: Swinging Strike
0-2: Strikes out swinging
Bottom of the 1st over - 0 runs, 1 hit, 0 errors, 3 left on base; Richland 0 - San Antonio 0
TOP OF THE 2ND
Richland Rails batting - Pitching for San Antonio BC : RHP Jackson Williams
Batting: LHB Júlio Solís 0-0: Ball
1-0: SINGLE (Line Drive, 6M)
Batting: LHB Emosi Whiu 0-0: Ball
1-0: Called Strike
1-1: Fly out, F8 (Flyball, 8LD)
Batting: RHB Tak-wai Jia 0-0: Called Strike
0-1: Called Strike
0-2: Ball
1-2: Grounds into double play, 6-4-3 (Groundball, 56)
Top of the 2nd over - 0 runs, 1 hit, 0 errors, 0 left on base; Richland 0 - San Antonio 0
BOTTOM OF THE 2ND
San Antonio BC batting - Pitching for Richland Rails : LHP Feltse van Horssen
Batting: RHB Brodie Floyd 0-0: Ball
1-0: Foul Ball, location: 2F
1-1: Swinging Strike
1-2: Foul Ball, location: 2F
1-2: Ball
2-2: Strikes out swinging
Batting: RHB Jesse Francis 0-0: Foul Ball, location: 2F
0-1: Foul Ball, location: 2F
0-2: SOLO HOME RUN (Line Drive, 9LD), Distance : 363 ft
Batting: LHB Pablo Morales 0-0: Called Strike
0-1: Foul Ball, location: 2F
0-2: SINGLE (Groundball, 6MD)
Batting: LHB Jesús Hernández 0-0: Swinging Strike
0-1: Ball
1-1: Called Strike
1-2: Strikes out swinging
Batting: RHB Tom Bancroft 0-0: Ball
1-0: DOUBLE (Line Drive, 7D)
Pablo Morales to third
Batting: RHB Alfonso Torres 0-0: Ball
1-0: Called Strike
1-1: Swinging Strike
1-2: Ball
2-2: Ground out U3 (Groundball, 23)
Bottom of the 2nd over - 1 run, 3 hits, 0 errors, 2 left on base; Richland 0 - San Antonio 1
TOP OF THE 3RD
Richland Rails batting - Pitching for San Antonio BC : RHP Jackson Williams
Batting: RHB Frank Simon 0-0: Ball
1-0: Ball
2-0: Ball
3-0: Called Strike
3-1: SINGLE (Line Drive, 8LS)
Batting: RHB Rick Johnson 0-0: Called Strike
0-1: Ball
1-1: Swinging Strike
1-2: Ball
2-2: Ball
3-2: Base on Balls
Frank Simon to second
Batting: RHB Phillip Burgess 0-0: Called Strike
0-1: Ball
1-1: Swinging Strike
1-2: Foul Ball, location: 2F
1-2: Ball
2-2: Strikes out swinging
Batting: RHB Bill Hill 0-0: Ball
1-0: Grounds into double play, 6-4-3 (Groundball, 6)
Top of the 3rd over - 0 runs, 1 hit, 0 errors, 1 left on base; Richland 0 - San Antonio 1
BOTTOM OF THE 3RD
San Antonio BC batting - Pitching for Richland Rails : LHP Feltse van Horssen
Batting: RHB Silverberry Mouhon 0-0: SINGLE (Groundball, 6MD)
Batting: RHB José Salinas 0-0: Called Strike
0-1: Ball
1-1: Ball
2-1: Called Strike
2-2: Ball
3-2: Fly out, F9 (Flyball, 9S)
Batting: RHB Carlos Cardoza 0-0: Ball
1-0: Foul Ball, location: 2F
1-1: Foul Ball, location: 2F
1-2: Fly out, F7 (Flyball, 7LM)
Batting: RHB Brodie Floyd 0-0: Swinging Strike
0-1: Fly out, F6 (Line Drive, 6M)
Bottom of the 3rd over - 0 runs, 1 hit, 0 errors, 1 left on base; Richland 0 - San Antonio 1
TOP OF THE 4TH
Richland Rails batting - Pitching for San Antonio BC : RHP Jackson Williams
Batting: RHB Hsui-chuan Hong 0-0: Ball
1-0: Called Strike
1-1: Ball
2-1: Foul Ball, location: 2F
2-2: Ground out 6-3 (Groundball, 6)
Batting: RHB Luo-lang Li 0-0: Ball
1-0: SINGLE (Groundball, 34D)
Batting: LHB Júlio Solís 0-0: Ball
1-0: Foul Ball, location: 2F
1-1: Fly out, F9 (Flyball, 89S)
Batting: LHB Emosi Whiu 0-0: Ball
Luo-lang Li steals 2nd base
1-0: SINGLE (Line Drive, 78S)
Luo-lang Li to third
Runner from 3rd tries for Home, SAFE, no throw
Batting: RHB Tak-wai Jia 0-0: Ball
1-0: Fly out, F8 (Flyball, 8LM)
Top of the 4th over - 1 run, 2 hits, 0 errors, 1 left on base; Richland 1 - San Antonio 1
BOTTOM OF THE 4TH
San Antonio BC batting - Pitching for Richland Rails : LHP Feltse van Horssen
Batting: RHB Jesse Francis 0-0: Ball
1-0: Called Strike
1-1: Ball
2-1: Ball
3-1: Foul Ball, location: 2F
3-2: Foul Ball, location: 2F
3-2: Strikes out swinging
Batting: LHB Pablo Morales 0-0: Called Strike
0-1: Ball
1-1: Ball
2-1: Single, Error in OF, E9, batter to second base
Batting: LHB Jesús Hernández 0-0: Ground out 4-3 (Groundball, 4)
Pablo Morales to third
Batting: RHB Tom Bancroft 0-0: Ground out 5-3 (Groundball, 25)
Bottom of the 4th over - 0 runs, 1 hit, 1 error, 1 left on base; Richland 1 - San Antonio 1
TOP OF THE 5TH
Richland Rails batting - Pitching for San Antonio BC : RHP Jackson Williams
Batting: RHB Frank Simon 0-0: Ball
1-0: Called Strike
1-1: Called Strike
1-2: Ball
2-2: Foul Ball, location: 2F
2-2: Ground out 5-3 (Groundball, 56)
Batting: RHB Rick Johnson 0-0: Swinging Strike
0-1: Ball
1-1: Called Strike
1-2: Ball
2-2: Strikes out swinging
Batting: RHB Phillip Burgess 0-0: Called Strike
0-1: Ball
1-1: Ball
2-1: Fly out, F9 (Flyball, 9)
Top of the 5th over - 0 runs, 0 hits, 0 errors, 0 left on base; Richland 1 - San Antonio 1
BOTTOM OF THE 5TH
San Antonio BC batting - Pitching for Richland Rails : LHP Feltse van Horssen
Pitching: RHP José Gómez
Batting: RHB Alfonso Torres 0-0: DOUBLE (Line Drive, 7LD)
Batting: RHB Silverberry Mouhon 0-0: Ball
1-0: Ball
2-0: Ball
3-0: Swinging Strike
3-1: Base on Balls
Batting: RHB José Salinas 0-0: Ball
1-0: Ball
2-0: Called Strike
2-1: Ball
3-1: Base on Balls
Alfonso Torres to third
Silverberry Mouhon to second
Batting: RHB Carlos Cardoza 0-0: Called Strike
0-1: Ball
Wild Pitch!
Alfonso Torres scores
Silverberry Mouhon to third
José Salinas to second
1-1: Swinging Strike
1-2: Strikes out swinging
Batting: RHB Brodie Floyd 0-0: SINGLE (Groundball, 4MD)
Silverberry Mouhon scores
José Salinas to third
Runner from 3rd tries for Home, SAFE, no throw
Batting: RHB Jesse Francis 0-0: Called Strike
0-1: Grounds into double play, 4-6-3 (Groundball, 4)
Bottom of the 5th over - 3 runs, 2 hits, 0 errors, 0 left on base; Richland 1 - San Antonio 4
TOP OF THE 6TH
Richland Rails batting - Pitching for San Antonio BC : RHP Jackson Williams
Batting: RHB Bill Hill 0-0: Ground out 4-3 (Groundball, 4)
Batting: RHB Hsui-chuan Hong 0-0: Called Strike
0-1: Ground out 5-3 (Groundball, 56S)
Batting: RHB Luo-lang Li 0-0: Ball
1-0: Foul Ball, location: 2F
1-1: Ball
2-1: Fly out, F9 (Flyball, 89D)
Top of the 6th over - 0 runs, 0 hits, 0 errors, 0 left on base; Richland 1 - San Antonio 4
BOTTOM OF THE 6TH
San Antonio BC batting - Pitching for Richland Rails : RHP José Gómez
Pitching: RHP Sammy Harmon
Batting: LHB Pablo Morales 0-0: Ball
1-0: Called Strike
1-1: Called Strike
1-2: Fly out, F6 (Line Drive, 6)
Batting: LHB Jesús Hernández 0-0: Ball
1-0: Foul Ball, location: 2F
1-1: Ball
2-1: Ball
3-1: Ground out 6-3 (Groundball, 6S)
Batting: RHB Tom Bancroft 0-0: Ball
1-0: Called Strike
1-1: Ball
2-1: SINGLE (Groundball, 56D)
Batting: RHB Alfonso Torres 0-0: Called Strike
0-1: Ball
1-1: Ground out 4-3 (Groundball, 4)
Bottom of the 6th over - 0 runs, 1 hit, 0 errors, 1 left on base; Richland 1 - San Antonio 4
TOP OF THE 7TH
Richland Rails batting - Pitching for San Antonio BC : RHP Jackson Williams
Batting: LHB Júlio Solís 0-0: Ball
1-0: Ball
2-0: Foul Ball, location: 2F
2-1: Foul Ball, location: 2F
2-2: Ball
3-2: Ground out 6-3 (Groundball, 6)
Batting: LHB Emosi Whiu 0-0: SINGLE (Groundball, 6MD)
Batting: RHB Tak-wai Jia 0-0: Swinging Strike
0-1: Ball
1-1: Ground out 3-1 (Groundball, 34S)
Emosi Whiu to second
Batting: RHB Frank Simon 0-0: Called Strike
0-1: Ground out U3 (Groundball, 34)
Top of the 7th over - 0 runs, 1 hit, 0 errors, 1 left on base; Richland 1 - San Antonio 4
BOTTOM OF THE 7TH
San Antonio BC batting - Pitching for Richland Rails : RHP Sammy Harmon
Batting: RHB Silverberry Mouhon 0-0: Ball
1-0: Swinging Strike
1-1: Ball
2-1: Foul Ball, location: 2F
2-2: Ball
3-2: Strikes out looking
Batting: RHB José Salinas 0-0: Ball
1-0: Foul Ball, location: 2F
1-1: Ball
2-1: Called Strike
2-2: Strikes out swinging
Batting: RHB Carlos Cardoza 0-0: Called Strike
0-1: Swinging Strike
0-2: Ball
1-2: Ball
2-2: Ball
3-2: Strikes out swinging
Bottom of the 7th over - 0 runs, 0 hits, 0 errors, 0 left on base; Richland 1 - San Antonio 4
TOP OF THE 8TH
Richland Rails batting - Pitching for San Antonio BC : RHP Jackson Williams
Batting: RHB Rick Johnson 0-0: Ball
1-0: Ball
2-0: Called Strike
2-1: Swinging Strike
2-2: SINGLE (Line Drive, 9S)
Batting: RHB Phillip Burgess 0-0: Ball
1-0: Called Strike
1-1: Called Strike
1-2: Grounds into double play, 4-6-3 (Groundball, 4)
Batting: RHB Bill Hill 0-0: Swinging Strike
0-1: Ball
1-1: Foul Ball, location: 2F
1-2: Foul Ball, location: 2F
1-2: Ball
2-2: Ball
3-2: DOUBLE (Line Drive, 78D)
Batting: RHB Hsui-chuan Hong 0-0: Ball
1-0: Fly out, F5 (Popup, 5)
Top of the 8th over - 0 runs, 2 hits, 0 errors, 1 left on base; Richland 1 - San Antonio 4
BOTTOM OF THE 8TH
San Antonio BC batting - Pitching for Richland Rails : RHP Sammy Harmon
Batting: RHB Brodie Floyd 0-0: Ball
1-0: Ball
2-0: Called Strike
2-1: Ball
3-1: Called Strike
3-2: Base on Balls
Batting: RHB Jesse Francis 0-0: Ball
1-0: Ball
2-0: Ball
3-0: Called Strike
3-1: Base on Balls
Brodie Floyd to second
Batting: LHB Pablo Morales 0-0: Called Strike
0-1: Called Strike
0-2: Ball
1-2: Foul Ball, location: 2F
1-2: Strikes out looking
Batting: LHB Jesús Hernández 0-0: Ball
1-0: Fly out, F8 (Flyball, 8LXD)
Runner from 2nd tags up, SAFE at 3rd, no throw
Batting: RHB Tom Bancroft 0-0: Fly out, F9 (Flyball, 9LM)
Bottom of the 8th over - 0 runs, 0 hits, 0 errors, 2 left on base; Richland 1 - San Antonio 4
TOP OF THE 9TH
Richland Rails batting - Pitching for San Antonio BC : RHP Jackson Williams
Pitching: RHP Okura Tenno
Batting: RHB Luo-lang Li 0-0: Swinging Strike
0-1: Ball
1-1: Swinging Strike
1-2: Ball
2-2: Ball
3-2: Strikes out looking
Batting: LHB Júlio Solís 0-0: Swinging Strike
0-1: Swinging Strike
0-2: Strikes out swinging
Batting: LHB Emosi Whiu 0-0: Fly out, F8 (Flyball, 8LS)
Top of the 9th over - 0 runs, 0 hits, 0 errors, 0 left on base; Richland 1 - San Antonio 4
Friday, March 29th, 2019 - OOTP Baseball 18.8 Build 76